Map: Lerilak Crest

Players

minsup

  • Race: Terran Terran
  • League: Gold

LilDicky - Winner!

  • Race: Terran Terran
  • League: Diamond

VOD

http://www.twitch.tv/tumescentpie

Description

Time

  • Played on: Nov. 28, 2015, 2:58 a.m.
  • Length: 7:05
Show
View Real Time Build Order
Export as new Build Order

minsup Terran 

Build Orders:  

Get SALT Encoding   

  12  0:01  SCV  
  13  0:13  SCV  
  14  0:17  Supply Depot  
  14  0:27  SCV  
  15  0:40  SCV  
  16  0:46  Barracks  
  16  0:47  Refinery  
  16  0:54  SCV  
  17  1:08  SCV  
  17  1:09  Refinery  
  18  1:21  SCV  
  19  1:33  Orbital Command  
  19  1:36  Reaper  
  20  1:56  Factory  
  20  2:12  SCV  
  21  2:19  Command Center  
  21  2:40  SCV  
  21  2:41  Factory Tech Lab  
  21  2:43  Starport  
  21  2:54  SCV  
  22  3:05  Barracks Reactor  
  22  3:08  Supply Depot  
  22  3:10  SCV  
  23  3:26  Supply Depot  
  23  3:30  SCV  
  24  3:39  Cyclone  
  27  3:42  SCV  
  28  3:52  Viking x2  
  28  3:54  Supply Depot  
  32  3:56  Supply Depot  
  32  4:04  Orbital Command  
  32  4:05  SCV  
  33  4:17  SCV  
  34  4:46  Viking x2  
  34  4:47  SCV  
  34  4:49  SCV  
  40  4:54  Refinery  
  40  4:56  Refinery  
  40  4:59  SCV  
  41  5:01  SCV  
  35  5:43  Engineering Bay  
  35  5:55  SCV x2  
  37  6:01  Raven  
  37  6:02  Widow Mine  
  41  6:07  SCV x2  
  39  6:29  Missile Turret  
  39  6:30  Missile Turret  
  39  6:31  SCV x2  
  41  6:36  Missile Turret  
  41  6:38  Missile Turret  
  41  6:43  SCV x2  
Show
View Real Time Build Order
Export as new Build Order

LilDicky Terran - Winner!

Build Orders: Banshee Rush 

Get SALT Encoding   

  12  0:02  SCV  
  13  0:14  SCV  
  13  0:18  Supply Depot  
  14  0:26  SCV  
  15  0:39  SCV  
  16  0:44  Barracks  
  16  0:48  Refinery  
  16  0:51  SCV  
  17  1:03  SCV  
  18  1:15  SCV  
  19  1:32  Marine  
  20  1:33  Supply Depot  
  20  1:35  Orbital Command  
  20  1:56  Bunker  
  20  1:57  Refinery  
  20  2:01  Marine  
  21  2:04  SCV  
  21  2:05  Factory  
  21  2:16  SCV  
  21  2:20  Marine  
  23  2:25  Bunker  
  23  2:28  SCV  
  24  2:38  Marine  
  25  2:44  SCV  
  25  2:50  Widow Mine  
  28  2:52  Starport  
  28  2:59  Supply Depot  
  28  3:04  Marine  
  29  3:06  SCV  
  30  3:18  SCV  
  30  3:19  Factory Tech Lab  
  31  3:25  Marine  
  32  3:28  Supply Depot  
  32  3:31  SCV  
  33  3:43  SCV  
  34  3:54  Banshee, Cloaking Field  
  34  3:55  Supply Depot, SCV  
  38  3:57  Widow Mine  
  40  4:04  Supply Depot, Marine  
  40  4:07  SCV  
  42  4:18  Command Center  
  42  4:19  SCV  
  42  4:23  Engineering Bay  
  43  4:31  SCV  
  43  4:37  Marine  
  45  4:38  Banshee  
  47  4:49  Factory Tech Lab  
  47  4:54  Missile Turret  
  47  4:59  Missile Turret  
  47  5:09  Siege Tank  
  47  5:10  SCV  
  49  5:39  Banshee  
  49  5:46  Siege Tank  
  53  5:50  Missile Turret  
  53  5:52  Barracks Tech Lab  
  53  5:55  Barracks x2  
  53  5:56  Barracks  
  52  6:00  SCV  
  52  6:03  Orbital Command  
  53  6:05  Missile Turret  
  53  6:12  SCV  
  54  6:20  Siege Tank  
  54  6:21  Marine  
  55  6:32  SCV x2, Supply Depot  
  57  6:45  Marine x2  
  57  6:46  Marine  
  60  6:48  Starport Reactor  
Tags
 
Add a new tag
Caveats
  • Supply blocks, unpowered buildings, or Contaminate may cause inaccurate times.
  • Supply counts are checked every 10 seconds.